 Dungeon Crawl Stone Soup version 0.29.1-13-g9f3cf754e1 (webtiles) character file.

Game seed: 7553155985819762074

2074 booth the Cutter (level 9, -5/62 HPs)
             Began as a Demonspawn Enchanter on Jan 21, 2023.
             Slain by an ogre
             ... wielding a +0 giant club
              (34 damage)
             ... on level 7 of the Dungeon.
             The game lasted 00:50:04 (7606 turns).

booth the Cutter (Demonspawn Enchanter)             Turns: 7606, Time: 00:50:05

Health: -5/62      AC:  4    Str:  9    XL:     9   Next: 6%
Magic:  10/14      EV: 13    Int: 21    God:
Gold:   351        SH:  0    Dex: 13    Spells: 6/15 levels left

rFire   . . .      SeeInvis .   a - +3 dagger
rCold   . . .      Faith    .   (no shield)
rNeg    . . .      Spirit   .   v - +0 leather armour
rPois   +          Reflect  .   g - +0 helmet
rElec   .          Harm     .   (no cloak)
rCorr   .          Rampage  .   (no gloves)
Will    .....                   (no boots)
Stlth   +++.......              (no amulet)
HPRegen 0.20/turn               y - ring of poison resistance
MPRegen 0.14/turn               (no ring)

@: no status effects
A: demonic guardian 1, spiny 3, sturdy frame 1, demonic touch 2
a: no special abilities


You were on level 7 of the Dungeon.
You visited 2 branches of the dungeon, and saw 8 of its levels.

You collected 351 gold pieces.

Inventory:

Hand Weapons
 a - a +3 dagger (weapon)
 e - a +0 short sword
 l - a +0 rapier
 r - a +2 whip of electrocution
 B - a +0 mace
Missiles
 o - 11 boomerangs (quivered)
 p - 7 poisoned darts
 s - 36 stones
 J - a throwing net
Armour
 b - a +0 robe
 g - a +0 helmet (worn)
 u - a +0 buckler
 v - a +0 leather armour (worn)
 w - an orb of energy
Jewellery
 y - a ring of poison resistance (left hand)
 F - a ring of protection from fire
Wands
 A - a wand of roots (10)
 D - a wand of light (8)
 K - a wand of charming (9)
Scrolls
 f - 3 scrolls of immolation
 h - 5 scrolls of teleportation
 n - a scroll of poison
 t - a scroll of acquirement {unknown}
 z - a scroll of torment {unknown}
 C - a scroll of enchant armour {unknown}
 E - a scroll of blinking
 G - a scroll of brand weapon {unknown}
Potions
 c - 3 potions of invisibility
 d - a potion of flight {unknown}
 i - 7 potions of curing
 j - 2 potions of might
 k - 5 potions of heal wounds
 m - a potion of brilliance
 q - a potion of resistance {unknown}
 x - a potion of haste {unknown}
 H - a potion of attraction {unknown}
 I - a potion of berserk rage {unknown}


   Skills:
 + Level 2.4 Fighting
 * Level 6.2 Short Blades
 + Level 1.4 Throwing
 + Level 4.1 Dodging
 + Level 5.7 Stealth
 + Level 3.5 Spellcasting
 * Level 5.5 Hexes
 + Level 2.0 Ice Magic


You had 6 spell levels left.
You knew the following spells:

 Your Spells              Type           Power      Damage    Failure   Level
a - Ensorcelled Hibernat  Hex/Ice        38%        N/A       4%          2
b - Confusing Touch       Hex            27%        N/A       4%          3
c - Tukima's Dance        Hex            27%        N/A       4%          3
d - Shock                 Conj/Air       12%        1d3       14%         1

Your spell library contained the following spells:

 Spells                   Type           Power      Damage    Failure   Level
 Dazzling Flash           Conj/Hex       30%        N/A       13%         3
 Ozocubu's Armour         Ice            12%        N/A       17%         3
 Gell's Gravitas          Tloc           3%         N/A       38%         3
 Swiftness                Air            3%         N/A       38%         3
 Teleport Other           Tloc           3%         N/A       38%         3
 Metabolic Englaciation   Hex/Ice        9%         N/A       61%         5
 Silence                  Hex/Air        7%         N/A       77%         5
 Airstrike                Air            1%         2d(1-17)  80%         4
 Agony                    Necr           3%         N/A       98%         5
 Dispersal                Tloc           1%         N/A       100%        6
 Simulacrum               Ice/Necr       4%         N/A       100%        6


Dungeon Overview and Level Annotations

Branches:
Dungeon (7/15)             Temple (1/1) D:4

Altars:
Ashenzari
Cheibriados
Fedhas
Gozag
Hepliaklqana
Kikubaaqudgha
Makhleb
Nemelex Xobeh
Okawaru
Qazlal
Ru
Uskayaw
Xom
Yredelemnul

Portals:
Bailey: D:7


Innate Abilities, Weirdness & Mutations

A weak demonic guardian rushes to your aid.
You are completely covered in sharp spines.
Your movements are slightly less encumbered by armour. (ER -2)
Your touch may inflict irresistible damage on your foes.


Message History

As you read the scroll of enchant weapon, it crumbles to dust.
Your +2 dagger glows red for a moment.
Found 3 boomerangs.
You hear the steady creaking of a very distant portcullis.
o - 11 boomerangs (gained 3)
Found 9 gold pieces.
You now have 351 gold pieces (gained 9).
An ogre comes into view. It is wielding a +0 giant club.
The ogre shouts!
Okay, then.
Casting: Ensorcelled Hibernation (safe; 4% risk of failure)
Confirm with . or Enter, or press ? or * to list all spells.
Okay, then.
Casting: Ensorcelled Hibernation (safe; 4% risk of failure)
Confirm with . or Enter, or press ? or * to list all spells.
Aiming: Ensorcelled Hibernation (safe; 4% risk of failure)
Press: ? - help, Shift-Dir - straight line, f - ogre
Aim: an ogre, wielding a +0 giant club (chance to affect: 51%)
The ogre resists with some effort.
Casting: Ensorcelled Hibernation (safe; 4% risk of failure)
Confirm with . or Enter, or press ? or * to list all spells.
Aiming: Ensorcelled Hibernation (safe; 4% risk of failure)
Press: ? - help, Shift-Dir - straight line, f/p - ogre
Aim: an ogre, wielding a +0 giant club (chance to affect: 51%)
The ogre resists with some effort.
The ogre hits you with a +0 giant club!!
Ouch! That really hurt!
A demonic guardian appears!
You hit the ogre.
The ogre is moderately wounded.
You hear the quick creaking of a very distant portcullis.
The ogre is struck by your spines.
The ogre hits you with a +0 giant club!!
Ouch! That really hurt!
You die...

.....#.#
.....#. .....
.... #..#
#..####.#
#........
#O####### #@#
#. ##.# . ##.
#######5.#
..##..
#........####
....
#.###.......+
...
#.####...####
#. #.##.....#
# #.......##
# ####.#### #


You could see an ogre (ally target) and a friendly shadow imp (summoned).

Vanquished Creatures
  2 water moccasins (D:5)
  A sky beast (D:6)
  2 ice beasts
  2 black bears
  3 ogres
  A necrophage (D:6)
  3 scorpions
  4 killer bees (D:6)
  A howler monkey (D:5)
  A jelly (D:4)
  4 hounds
  A gnoll bouda (D:6)
  2 iguanas
  2 orc wizards
  9 gnolls
  11 adders
  An ufetubus (D:4)
  2 worms (D:2)
  4 dart slugs
  15 orcs
  8 endoplasms
  A giant cockroach (D:3)
  11 goblins
  9 hobgoblins
  4 jackals (D:4)
  9 kobolds
  4 quokkas
  4 ball pythons
  4 bats
  2 frilled lizards (D:1)
  4 rats
131 creatures vanquished.

Vanquished Creatures (collateral kills)
  A centaur (D:5)
  2 gnolls
  An endoplasm (D:4)
  A ball python (D:2)
5 creatures vanquished.

Vanquished Creatures (others)
  A dancing weapon (D:6)
1 creature vanquished.

Grand Total: 137 creatures vanquished

Notes
Turn   | Place    | Note
-------+----------+-------------------------------------------
     0 | D:1      | booth the Demonspawn Enchanter began the quest for the Orb.
     0 | D:1      | Reached XP level 1. HP: 13/13 MP: 3/3
   112 | D:1      | Reached skill level 1 in Short Blades
   659 | D:1      | Gained mutation: Your touch may inflict minor irresistible
                  | damage on your foes. [demonic ancestry]
   659 | D:1      | Reached XP level 2. HP: 18/19 MP: 5/5
   983 | D:1      | Learned a level 2 spell: Ensorcelled Hibernation
  1286 | D:1      | Gained mutation: A weak demonic guardian rushes to your
                  | aid. [demonic ancestry]
  1286 | D:1      | Reached XP level 3. HP: 22/24 MP: 6/6
  1776 | D:2      | Reached skill level 2 in Short Blades
  1989 | D:2      | Gained mutation: You are partially covered in sharp spines.
                  | [demonic ancestry]
  1989 | D:2      | Reached XP level 4. HP: 18/30 MP: 7/7
  2210 | D:2      | Found a faded altar of an unknown god.
  2643 | D:2      | Learned a level 3 spell: Confusing Touch
  2929 | D:3      | Found an opulent altar of Gozag.
  2983 | D:3      | Found a shimmering altar of Xom.
  2988 | D:3      | Found a shimmering altar of Xom.
  2991 | D:3      | Found a shimmering altar of Xom.
  2992 | D:3      | Found a shimmering altar of Xom.
  2995 | D:3      | Found a shimmering altar of Xom.
  3223 | D:3      | Reached skill level 3 in Short Blades
  3223 | D:3      | Gained mutation: Your movements are slightly less
                  | encumbered by armour. (ER -2) [demonic ancestry]
  3223 | D:3      | Reached XP level 5. HP: 33/36 MP: 8/8
  3571 | D:3      | Learned a level 3 spell: Tukima's Dance
  3734 | D:4      | Found a staircase to the Ecumenical Temple.
  4031 | Temple   | Entered the Ecumenical Temple
  4208 | D:4      | Gained mutation: You are mostly covered in sharp spines.
                  | [demonic ancestry]
  4208 | D:4      | Reached XP level 6. HP: 38/42 MP: 9/9
  4297 | D:4      | Reached skill level 1 in Fighting
  4370 | D:4      | Reached skill level 4 in Short Blades
  4370 | D:4      | Reached skill level 1 in Ice Magic
  4467 | D:4      | Reached skill level 1 in Throwing
  4467 | D:4      | Reached XP level 7. HP: 48/48 MP: 10/10
  5052 | D:5      | Entered Level 5 of the Dungeon
  5920 | D:5      | Reached skill level 5 in Short Blades
  5964 | D:5      | Gained mutation: You are completely covered in sharp
                  | spines. [demonic ancestry]
  5964 | D:5      | Reached XP level 8. HP: 56/56 MP: 12/12
  6280 | D:6      | Found a snail-covered altar of Cheibriados.
  6293 | D:6      | Reached skill level 5 in Stealth
  6306 | D:6      | Learned a level 1 spell: Shock
  6372 | D:6      | Reached skill level 5 in Hexes
  6854 | D:6      | Reached skill level 6 in Short Blades
  7094 | D:6      | Gained mutation: Your touch may inflict irresistible damage
                  | on your foes. [demonic ancestry]
  7094 | D:6      | Reached XP level 9. HP: 62/62 MP: 14/14
  7196 | D:7      | Found a flagged portal.
  7606 | D:7      | Slain by an ogre

Illustrated notes

Levels and vault maps discovered:
D:1:      psy_arrival_conway, layout_basic
D:2:      layout_basic, basic_ecumenical_altar, minmay_fractal_squares_gapless_5
D:3:      layout_rooms, old_standard_altar, xom_redecorated, minivault_5
D:4:      layout_basic, minmay_temple_entry_ruins
D:5:      layout_basic
D:6:      layout_cave_pools, mainiacjoe_overflow_24_doors
D:7:      layout_loops_corners, nicolae_wu_jian_glorious_leap, enter_bailey_5,
          hangedman_abyss_or_decor_passed
Temple:   hellmonk_temple_flake

Skill      XL: |  1  2  3  4  5  6  7  8 |
---------------+-------------------------+-----
Short Blades   | 1 2 3 4 5 6 |  6.2
Stealth        | 3 4 5 |  5.7
Dodging        | 2 3 4 |  4.1
Fighting       | 1 2 |  2.4
Ice Magic      | 1 2 |  2.0
Throwing       | 1 |  1.4
Hexes          | 4 5 |  5.5
Spellcasting   | 3 |  3.5

Action                   |  1- 3 |  4- 6 |  7- 9 || total
-------------------------+-------+-------+-------++-------
Melee: Dagger            |   117 |   106 |   126 ||   349
       Touch             |    10 |    29 |    21 ||    60
       Punch             |     1 |       |     1 ||     2
Throw: Boomerang         |     3 |     7 |     3 ||    13
       Dart              |       |       |     2 ||     2
 Cast: Ensorcelled Hiber |     2 |     6 |    11 ||    19
       Tukima's Dance    |       |       |     3 ||     3
  Use: Scroll            |       |     6 |     4 ||    10
       Potion            |       |       |     1 ||     1
 Stab: Sleeping          |     5 |     5 |     6 ||    16
       Distracted        |     1 |     1 |       ||     2
Armor: Robe              |    21 |     3 |       ||    24
       Leather armour    |       |     9 |    18 ||    27
Dodge: Dodged            |    52 |    44 |    68 ||   164
